 Dungeon Crawl Stone Soup version 0.27-a0-1116-g91b3acb402 (webtiles) character file.

Game seed: 17095617740065738198

347 voltaire321 the Poker (level 6, -1/48 HPs)
             Began as a Merfolk Gladiator on May 2, 2021.
             Slain by a goblin
             ... wielding a +0 dagger
              (2 damage)
             ... on level 4 of the Dungeon.
             The game lasted 00:12:54 (5023 turns).

voltaire321 the Poker (Merfolk Gladiator)           Turns: 5023, Time: 00:12:55

Health: -1/48      AC:  7    Str: 14    XL:     6   Next: 59%
Magic:  6/6        EV: 14    Int:  8    God:
Gold:   54         SH:  4    Dex: 17    Spells: 5/5 levels left

rFire    . . .     SeeInvis .   a - +0 trident
rCold    + . .     Faith    .   j - +0 buckler
rNeg     . . .     Spirit   .   b - +0 leather armour
rPois    .         Reflect  .   c - +0 helmet
rElec    .         Harm     .   (no cloak)
rCorr    .         Rampage  .   g - +2 pair of gloves {archery}
Will     .....                  (no boots)
Stlth    +.........             (no amulet)
HPRegen  0.16/turn              i - ring of protection from cold
MPRegen  0.10/turn              (no ring)

@: no status effects
A: (nimble swimmer 2), mertail
a: no special abilities


You were on level 4 of the Dungeon.
You visited 1 branch of the dungeon, and saw 4 of its levels.

You collected 54 gold pieces.

Inventory:

Hand Weapons
 a - a +0 trident (weapon)
Missiles
 d - 3 throwing nets
 n - 18 poisoned darts (quivered)
Armour
 b - a +0 leather armour (worn)
 c - a +0 helmet (worn)
 g - a +2 pair of gloves of archery (worn)
 j - a +0 buckler (worn)
Jewellery
 i - a ring of protection from cold (left hand)
Wands
 l - a wand of flame (20)
Scrolls
 p - a scroll of magic mapping
 q - a scroll of blinking
Potions
 f - 2 potions of resistance
 h - 3 potions of curing {unknown}
 k - a potion of magic
 m - a potion of heal wounds
 o - a potion of haste


   Skills:
 + Level 4.0 Fighting
 + Level 6.1 Polearms
 + Level 3.5 Throwing
 + Level 5.5 Dodging
 + Level 1.9 Shields


You had 5 spell levels left.
You didn't know any spells.
Your spell library contained the following spells:

 Spells                   Type           Power      Damage    Failure   Level
 Shock                    Conj/Air       0%         1d3       56%         1
 Static Discharge         Conj/Air       0%         N/A       71%         2
 Confusing Touch          Hex            0%         N/A       91%         3
 Gell's Gravitas          Tloc           0%         N/A       91%         3
 Swiftness                Air            0%         N/A       91%         3
 Airstrike                Air            0%         N/A       100%        4
 Petrify                  Tmut/Erth      0%         N/A       100%        4
 Lightning Bolt           Conj/Air       0%         1d11      100%        5
 Metabolic Englaciation   Hex/Ice        0%         N/A       100%        5
 Yara's Violent Unravell  Hex/Tmut       0%         3d3       100%        5


Dungeon Overview and Level Annotations

Branches:
Dungeon (4/15)
 Temple: D:4-7

Altars:
Ashenzari
Ru
Wu Jian
Zin


Innate Abilities, Weirdness & Mutations

((You are quick and stealthy near water. (Stealth+, EV+, Speed+++)))
Your lower body shifts to a powerful aquatic tail in water.


Message History

a +0 whip; a +0 robe You start resting.
HP restored.
There is a stone staircase leading down here.
You climb downwards.
There is a stone staircase leading up here.
The gnoll shouts!
You hit the gnoll.
The gnoll is moderately wounded.
You puncture the gnoll!
You kill the gnoll!
You see here a +0 club.
The goblin shouts!
The goblin shoots a stone.
The stone barely misses you.
The gnoll hits you from afar with a +3 halberd!
You reach to attack!
You barely miss the gnoll. The gnoll barely misses you.
Reach: a) +0 trident
Press: ? - help, Dir - move target, f/p - gnoll
Aim: a gnoll, wielding a +3 halberd (about 32% to evade your +0 trident)
You reach to attack!
You closely miss the gnoll. The gnoll barely misses you.
Reach: a) +0 trident
Press: ? - help, Dir - move target, f/p - gnoll
Aim: a gnoll, wielding a +3 halberd (about 32% to evade your +0 trident)
You reach to attack!
You hit the gnoll.
The gnoll is lightly wounded.
The gnoll hits you from afar with a +3 halberd!
The goblin unwields a +0 hunting sling.
The goblin wields a +0 dagger.
You block the goblin's attack. The gnoll hits you but does no damage.
You hit the gnoll.
The gnoll is moderately wounded.
The goblin barely misses you. The gnoll hits you with a +3 halberd!!
* * * LOW HITPOINT WARNING * * *
You barely miss the gnoll.
The gnoll is moderately wounded.
The goblin hits you but does no damage. The gnoll hits you with a +3 halberd!
* * * LOW HITPOINT WARNING * * *
You barely miss the gnoll.
The gnoll is moderately wounded.
The goblin hits you with a +0 dagger.
You die...

.....S.................. ....
#....o...##................ #..
###<.....##................. ..#
##......#................. ...
###..##.......<...........######
#....#...[#..[.(.#..........#...
##........##.....##............#.
......##..####...g...............
......##..####..@g.............#.
....#.)##..##)..##...............
###...([.......##..............#.
##...(...##..##.......##.......
#...(<..##...#.....##.#........
##....)####.........#..........
#.....#####............†.......
#.....# #.....................#
###.### ##...................##


You could see a gnoll and a goblin.

Vanquished Creatures
  A hound (D:3)
  A gnoll shaman (D:3)
  Natasha (thrice) (D:3)
  2 orc wizards (D:4)
  A hound skeleton (D:4)
  Robin (D:3)
  2 gnolls (D:4)
  3 adders
  An ufetubus (D:3)
  3 worms
  An orc (D:4)
  10 ball pythons
  6 endoplasms
  A giant cockroach (D:3)
  16 goblins
  9 hobgoblins
  3 jackals (D:3)
  3 quokkas
  5 bats
  5 frilled lizards
  5 kobolds
  5 rats
87 creatures vanquished.

Vanquished Creatures (others)
  An orc (D:4)
1 creature vanquished.

Grand Total: 88 creatures vanquished

Notes
Turn   | Place    | Note
-------+----------+-------------------------------------------
     0 | D:1      | voltaire321 the Merfolk Gladiator began the quest for the
                  | Orb.
     0 | D:1      | Reached XP level 1. HP: 16/16 MP: 1/1
   312 | D:1      | Reached XP level 2. HP: 21/23 MP: 2/2
   880 | D:1      | Reached XP level 3. HP: 28/28 MP: 3/3
  1388 | D:2      | Reached skill level 5 in Polearms
  1680 | D:2      | Reached XP level 4. HP: 27/35 MP: 4/4
  2614 | D:3      | Noticed Natasha
  2622 | D:3      | HP: 1/35 [Natasha (2)]
  3161 | D:3      | Killed Natasha
  3162 | D:3      | Reached XP level 5. HP: 33/41 MP: 5/5
  3325 | D:3      | Reached skill level 5 in Dodging
  3325 | D:3      | Reached skill level 1 in Shields
  3325 | D:3      | Found an ornate altar of the Wu Jian Council.
  3330 | D:3      | Noticed a spectral centipede
  3330 | D:3      | Noticed a spectral black mamba
  3330 | D:3      | Noticed a spectral cane toad
  3622 | D:3      | Found a sacrificial altar of Ru.
  3645 | D:3      | Noticed Natasha
  3657 | D:3      | Killed Natasha
  3782 | D:3      | Noticed Natasha
  3789 | D:3      | Killed Natasha
  3880 | D:4      | Noticed Robin
  4109 | D:4      | Found a glowing silver altar of Zin.
  4126 | D:4      | Reached XP level 6. HP: 36/48 MP: 6/6
  4478 | D:3      | Killed Robin
  4656 | D:4      | Reached skill level 6 in Polearms
  4735 | D:4      | Found a broken altar of Ashenzari.
  4804 | D:3      | HP: 1/48 [gnoll shaman/+0 whip (4)]
  5022 | D:4      | HP: 1/48 [gnoll/+3 halberd (7)]
  5023 | D:4      | Slain by a goblin

Illustrated notes

Levels and vault maps discovered:
D:1:      scummos_arrival_gate, layout_basic, serial_forest,
          infiniplex_forest_straight_1, infiniplex_forest_lined_corner,
          infiniplex_forest_clump_diagonal, infiniplex_forest_lined_2,
          infiniplex_forest_end_2, infiniplex_forest_clump_curved,
          infiniplex_forest_lined_corner, infiniplex_forest_pool,
          minmay_misc_feat_plants
D:2:      layout_basic, amcnicky_mini_rare_corridor_liquid,
          amcnicky_mini_pool_small
D:3:      layout_loops_ring, nicolae_ru_path_of_blood,
          pdpol_wu_jian_five_deadly_venoms, minmay_misc_feat_secret_circle,
          chequers_serial_rivers_room_b, dk_noncrumbling_2, uniq_natasha
D:4:      layout_cave_pools, old_standard_altar, ashenzari_altar_1,
          gammafunk_temple_overflow_claw, serial_glass, glass_columns_a,
          glass_columns_b, chequers_avenue, uniq_robin

Skill      XL: |  1  2  3  4  5  6 |
---------------+-------------------+-----
Polearms       | 5 6 |  6.1
Fighting       | 3 4 |  4.0
Throwing       | 3 |  3.5
Dodging        | 5 |  5.5
Shields        | 1 |  1.9

Action                   |  1- 3 |  4- 6 || total
-------------------------+-------+-------++-------
Melee: Trident           |   106 |   220 ||   326
Throw: Dart              |       |    10 ||    10
  Use: Scroll            |     1 |    11 ||    12
       Potion            |       |     1 ||     1
 Stab: Sleeping          |     3 |     3 ||     6
Armor: Leather armour    |    27 |    65 ||    92
Dodge: Dodged            |    62 |   151 ||   213
Block: Buckler           |       |    41 ||    41

Table legend: (Time is in decaauts)
 A = Elapsed time spent in this place.
 B = Non-inter-level travel time spent in this place.
 C = Inter-level travel time spent in this place.
 D = Time resting spent in this place.
 E = Time spent auto-exploring this place.
 F = Levels seen in this place.
 G = Mean time per level.
                   A        B        C        D        E       F      G
               +--------+--------+--------+--------+--------+-----+--------+
         Total |   5048 |   4957 |     91 |   1478 |   2551 |   4 | 1262.0 |
       Dungeon |   5048 |   4957 |     91 |   1478 |   2551 |   4 | 1262.0 |
               +--------+--------+--------+--------+--------+-----+--------+

Top non-repeatable levels by time:
     D:3: 2184 daAuts
     D:2: 1198 daAuts
     D:1: 1110 daAuts
     D:4: 554 daAuts
